 Dungeon Crawl Stone Soup version 0.27.0-1-g7a089689b8 (webtiles) character file.

Game seed: 6910560068874929783

46 EnegeticOcto the Covered (level 3, 0/33 HPs)
             Began as a Minotaur Fighter on Aug 9, 2021.
             Killed from afar by Sigmund (2 damage)
             ... with a magic dart
             ... on level 2 of the Dungeon.
             The game lasted 00:00:20 (912 turns).

EnegeticOcto the Covered (Minotaur Fighter)          Turns: 912, Time: 00:00:21

Health: 0/33       AC:  7    Str: 21    XL:     3   Next: 44%
Magic:  2/2        EV:  7    Int:  5    God:
Gold:   70         SH:  9    Dex:  9    Spells: 2/2 levels left

rFire    . . .     SeeInvis .   a - +0 war axe
rCold    . . .     Faith    .   c - +0 kite shield
rNeg     . . .     Spirit   .   b - +0 scale mail
rPois    .         Reflect  .   (helmet restricted)
rElec    .         Harm     .   (no cloak)
rCorr    .         Rampage  .   (no gloves)
Will     .....                  (no boots)
Stlth    ..........             (no amulet)
HPRegen  0.11/turn              (no ring)
MPRegen  0.08/turn              (no ring)

@: no status effects
A: horns 2, retaliatory headbutt
a: no special abilities


You were on level 2 of the Dungeon.
You visited 1 branch of the dungeon, and saw 2 of its levels.

You collected 70 gold pieces.

Inventory:

Hand Weapons
 a - a +0 war axe (weapon)
Armour
 b - a +0 scale mail (worn)
 c - a +0 kite shield (worn)
Scrolls
 e - a scroll of noise {unknown}
 f - a scroll of enchant armour {unknown}
Potions
 d - a potion of might {@q3}


   Skills:
 + Level 4.0 Fighting
 * Level 3.5 Axes
 + Level 4.1 Armour
 + Level 4.0 Shields


You had 2 spell levels left.
You didn't know any spells.
Your spell library was empty.

Dungeon Overview and Level Annotations

Branches:
Dungeon (2/15)

Altars:

Annotations:
D:2 Sigmund


Innate Abilities, Weirdness & Mutations

You have a pair of horns on your head.
You reflexively headbutt those who attack you in melee.


Message History

No target in view!
No target in view!
No target in view!
No target in view!
No target in view!
(D) Dungeon
Where to? (? - help)
Things that are here:
a +0 club; a goblin skeleton
There is an open door here.
There is an open door here.
You see here a bat skeleton.
There is an open door here.
There is an open door here.
There is a stone staircase leading down here.
You climb downwards.
A kobold comes into view. It is wielding a +0 whip.
The kobold shouts!
There is a stone staircase leading up here.
A kobold is nearby!
A kobold is nearby!
A kobold is nearby!
A kobold is nearby!
The kobold barely misses you. You furiously retaliate!
You headbutt the kobold.
You kill the kobold!
No target in view!
No target in view!
No target in view!
No target in view!
No target in view!
No target in view!
Found a stone staircase leading up.
Things that are here:
a +0 whip; a kobold corpse
Found a stone staircase leading up.
No target in view!
No target in view!
No target in view!
No target in view!
No target in view!
No target in view!
No target in view!
A dart slug comes into view.
Found a quarterstaff.
A dart slug is nearby!
A dart slug is nearby!
A dart slug is nearby!
Sigmund the Dreaded comes into view.
He is wielding a +0 scythe.
Sigmund shouts!
Sigmund moves out of view.
The dart slug launches a dart at you. You block the slug dart.
Sigmund casts a spell at you. The puff of flame hits you.
The dart slug launches a dart at you. You block the slug dart.
Sigmund hits you from afar with a +0 scythe!
A rat comes into view.
You block the dart slug's attack. Sigmund closely misses you.
You furiously retaliate!
You headbutt Sigmund. You barely miss Sigmund.
Sigmund is lightly wounded.
You slash the dart slug! You block Sigmund's attack.
The dart slug bites you but does no damage.
You barely miss the dart slug.
The dart slug is almost dead.
You hit Sigmund but do no damage.
Sigmund points at you and mumbles some strange words.
The magic dart hits you!
The dart slug bites you but does no damage.
Sigmund mumbles some strange words.
Sigmund flickers and vanishes!
Deactivating autopickup; reactivate with Ctrl-A.
You are too injured to fight recklessly!
You are too injured to fight recklessly!
You are too injured to fight recklessly!
You are too injured to fight recklessly!
You are too injured to fight recklessly!
A dart slug is nearby!
A dart slug is nearby!
A dart slug is nearby!
A dart slug is nearby!
You are too injured to fight recklessly!
You miss something. You hit the dart slug.
You kill the dart slug!
Something hits you but does no damage.
You slash something! Something hits you but does no damage.
You hear some strange, mumbled words.
A magic dart appears from out of thin air!
The magic dart hits you.
You barely miss something. Something hits you!
* * * LOW HITPOINT WARNING * * *
You closely miss something. Your headbutt misses something. Something hits you.
* * * LOW HITPOINT WARNING * * *
Something hits you but does no damage.
You miss something. Your headbutt misses something.
You hear some strange, mumbled words.
A magic dart appears from out of thin air!
The magic dart hits you.
You die...

........#
..<.....###
.........)##
........#..#########
........##.<........
#####.....######....
#####......).#
#...#...####
#....#####@<..#
#..### #...#{..# #.
#.... r...# #.....
.....# #.....
....... #.....
.....## ..#....
.....# #..#...
.....#


You could see a rat.

Vanquished Creatures
  A gnoll (D:1)
  A dart slug (D:2)
  5 ball pythons (D:1)
  5 bats (D:1)
  An endoplasm (D:1)
  2 giant cockroaches (D:1)
  2 goblins (D:1)
  2 hobgoblins (D:1)
  2 jackals (D:1)
  2 quokkas (D:1)
  5 frilled lizards (D:1)
  3 kobolds
31 creatures vanquished.

Notes
Turn   | Place    | Note
-------+----------+-------------------------------------------
     0 | D:1      | EnegeticOcto the Minotaur Fighter began the quest for the
                  | Orb.
     0 | D:1      | Reached XP level 1. HP: 19/19 MP: 0/0
    63 | D:1      | Reached XP level 2. HP: 25/27 MP: 1/1
    88 | D:1      | Found a faded altar of an unknown god.
   334 | D:1      | Reached XP level 3. HP: 33/33 MP: 2/2
   901 | D:2      | Noticed Sigmund
   911 | D:2      | HP: 1/33 [something (4)]
   912 | D:2      | Killed from afar by Sigmund

Illustrated notes

Levels and vault maps discovered:
D:1:      eino_arrival_cavern_d, layout_basic, ebering_ecumenical_altar_webs
D:2:      layout_rooms, uniq_jessica, uniq_sigmund

Skill      XL: |  1  2  3 |
---------------+----------+-----
Axes           | 3 |  3.5
Fighting       | 4 |  4.0
Armour         | 4 |  4.1
Shields        | 4 |  4.0

Action                   || total
-------------------------++-------
Melee: War axe           ||    67
       Headbutt          ||     4
Armor: Scale mail        ||    43
Dodge: Dodged            ||    19
Block: Kite shield       ||    39
